 Dungeon Crawl Stone Soup version 0.29-a0-821-g66395355a5 (webtiles) character file.

Game seed: 4030581625724806167

4780 blackman the Martial Artist (level 10, -5/68 HPs)
             Began as a Human Transmuter on July 7, 2022.
             Was a Plaything of Xom.
             Killed from afar by an acid dragon (17 damage)
             ... with a splash of acid
             ... on level 9 of the Dungeon.
             The game lasted 00:27:19 (8434 turns).

blackman the Martial Artist (Human Transmuter)      Turns: 8434, Time: 00:27:19

Health: -5/68      AC:  7    Str: 13    XL:     10   Next: 75%
Magic:  13/13      EV: 11    Int: 13    God:    Xom [*.....]
Gold:   263        SH:  0    Dex: 14    Spells: 10/13 levels left

rFire   . . .      SeeInvis +     - Unarmed
rCold   . . .      Faith    .   (no shield)
rNeg    . . .      Spirit   .   o - +3 ring mail of Qaesum {Slay+2 Stlth+}
rPois   +          Reflect  .   (helmet currently unavailable)
rElec   .          Harm     .   x - +2 cloak of Cheibriados's Esteem {Int-2 Slay+2 SInv}
rCorr   .          Rampage  .   (no gloves)
Will    .....                   (boots currently unavailable)
Stlth   ++........              i - amulet of regeneration
HPRegen 1.01/turn               s - ring of poison resistance
MPRegen 0.13/turn               (no ring)

@: appendages, corroded
A: horns 2, talons 2
a: End Transformation, Renounce Religion


You were on level 9 of the Dungeon.
You worshipped Xom.
You were a special plaything of Xom.
You had temporarily grown beastly horns and talons.
You visited 2 branches of the dungeon, and saw 10 of its levels.

You collected 328 gold pieces.
You spent 65 gold pieces at shops.

Inventory:

Hand Weapons
 c - a +1 antimagic dagger
Missiles
 u - 6 datura-tipped darts
 I - a throwing net
Armour
 a - a +0 robe
 e - a +0 chain mail
 o - the +3 ring mail of Qaesum (worn) {Slay+2 Stlth+}
   (You found it on level 3 of the Dungeon)

   Slay:      It affects your accuracy & damage with ranged weapons and melee
   (+2).
   Stlth:     It makes you more stealthy.
 x - the +2 cloak of Cheibriados's Esteem (worn) {Int-2 Slay+2 SInv}
   (You found it on level 4 of the Dungeon)

   Int:       It affects your intelligence (-2).
   Slay:      It affects your accuracy & damage with ranged weapons and melee
   (+2).
   SInv:      It lets you see invisible.
 D - a +0 pair of boots (melded)
Jewellery
 i - an amulet of regeneration (around neck)
 l - a ring of flight
 s - a ring of poison resistance (left hand)
Wands
 w - a wand of mindburst (13)
 z - a wand of polymorph (16)
 A - a wand of paralysis (13)
 G - a wand of acid (11)
Scrolls
 d - a scroll of summoning
 h - 3 scrolls of amnesia
 j - a scroll of immolation {unknown}
 k - 3 scrolls of noise
 m - 5 scrolls of teleportation
 v - 5 scrolls of enchant weapon
 y - a scroll of silence
 C - a scroll of vulnerability
 F - a scroll of fear {unknown}
 L - a scroll of poison {unknown}
 N - a scroll of torment {unknown}
 O - a scroll of magic mapping {unknown}
Potions
 b - a potion of lignification
 f - 3 potions of degeneration {unknown}
 g - 11 potions of curing {unknown}
 n - 2 potions of attraction
 p - 2 potions of might {unknown}
 q - 3 potions of invisibility {unknown}
 r - 2 potions of cancellation {unknown}
 t - a potion of brilliance {unknown}
 B - 2 potions of berserk rage {unknown}
 E - 2 potions of haste {unknown}
 H - a potion of resistance {unknown}
 J - a potion of heal wounds
 K - a potion of mutation {unknown}
 M - a potion of flight {unknown}


   Skills:
 * Level 2.3 Fighting
 - Level 2.0 Dodging
 - Level 10.8 Unarmed Combat
 - Level 2.0 Spellcasting
 - Level 10.6 Transmutations
 * Level 2.0 Evocations


You had 10 spell levels left.
You knew the following spells:

 Your Spells              Type           Power      Damage    Failure   Level
a - Beastly Appendage     Tmut           58%        N/A       1%          1
b - Wereblood             Tmut           29%        N/A       1%          2

Your spell library contained the following spells:

 Spells                   Type           Power      Damage    Failure   Level
 Spider Form              Tmut/Pois      15%        N/A       19%         3
 Necrotise                Necr           4%         1d4       50%         1
 Ice Form                 Ice/Tmut       15%        N/A       52%         4
 Frozen Ramparts          Ice            2%         1d2       86%         3
 Vampiric Draining        Necr           1%         2d6       86%         3
 Summon Ice Beast         Ice/Summ       1%         N/A       99%         4
 Agony                    Necr           1%         N/A       100%        5


Dungeon Overview and Level Annotations

Branches:
Dungeon (9/15)             Temple (1/1) D:7
   Lair: D:8-11         Orc: D:9-12

Altars:
Ashenzari
Cheibriados
Dithmenos
Elyvilon
Fedhas
Gozag
Hepliaklqana
Kikubaaqudgha
Makhleb
Nemelex Xobeh
Okawaru
Qazlal
Ru
Sif Muna
Trog
Uskayaw
Vehumet
Wu Jian
Xom
Yredelemnul
Zin
The Shining One

Shops:
D:2 (   D:4 :   D:5 =   D:9 !


Innate Abilities, Weirdness & Mutations

You have temporarily grown beastly horns and talons.


Message History

Your quasit claws the steam dragon but does no damage.
The steam dragon breathes steam at you. The ball of steam hits you.
The ball of steam hits the plant!!
Your quasit barely misses the steam dragon.
Your quasit claws the steam dragon. x2
A nearby plant withers and dies. x3
The plant is engulfed in a cloud of scalding steam. x2
Your quasit barely misses the steam dragon.
Your quasit closely misses the steam dragon.
Your quasit claws the steam dragon but does no damage.
The steam dragon bites you. The steam dragon barely misses you.
A nearby plant withers and dies. x3
The plant is engulfed in a cloud of scalding steam.
A nearby plant withers and dies. x2
Your quasit bites the steam dragon but does no damage.
Your quasit claws the steam dragon but does no damage.
Your quasit barely misses the steam dragon.
The steam dragon misses you. The steam dragon barely misses you.
Your quasit bites the steam dragon but does no damage.
Your quasit closely misses the steam dragon. x2
Your surroundings seem slightly different.
Xom thinks this is hilarious! "This might be better!"
You swap places with the plant.
Some monsters swap places.
Your quasit bites the steam dragon.
Your quasit barely misses the steam dragon.
Your quasit claws the steam dragon but does no damage.
Your quasit bites the steam dragon.
Your quasit claws the steam dragon.
Your quasit claws the steam dragon but does no damage.
The steam dragon breathes steam at you. The ball of steam hits you!!
* * * LOW HITPOINT WARNING * * *
You hear a bellow!
Your quasit barely misses the steam dragon.
Your quasit completely misses the steam dragon.
Your quasit claws the steam dragon.
The acid dragon spits acid at you. The splash of acid hits you!
You die...
Xom is highly amused! ....##..P...P...## #. z W D

.##.....P....P...##...
# #.##............#.#
#..#..........#...#
.####
####............#..###
.....
...#..............§..#
##.##
...#.##.....(.§..§.#.
.[<†.###..P..P.D§..#
...### #...PP..D@..#
...# #...PP5.PP..#
...# #....PP..P..#
...# #.._.PP.§P..#
...# #....PP..P.##
...# #.$.PP..PP$# ####
#...P..PP..#
#..PP..PP.##
#..PP..P..#


You could see a steam dragon (catching breath, ally target), an acid dragon
(catching breath) and a friendly quasit (summoned).

Vanquished Creatures
  A two-headed ogre (D:8)
  A hornet (D:7)
  A shadow (D:7)
  4 yaks (D:8)
  Grum (D:8)
  2 water moccasins (D:6)
  An orc warrior (D:9)
  2 ice beasts
  A black bear (D:7)
  An ogre (D:6)
  2 centaurs
  3 wolves (D:8)
  A kobold brigand (D:7)
  A gnoll sergeant (D:6)
  A scorpion (D:7)
  3 killer bees (D:8)
  2 jellies
  2 hounds
  6 orc priests
  2 gnoll boudas (D:7)
  3 iguanas
  5 orc wizards
  15 gnolls
  9 adders
  A white imp (D:6)
  An ufetubus (D:5)
  4 worms
  21 orcs
  7 ball pythons
  6 endoplasms
  3 giant cockroaches
  3 goblins
  7 hobgoblins
  9 kobolds
  4 quokkas
  6 bats
  4 frilled lizards
  4 rats (D:1)
150 creatures vanquished.

Vanquished Creatures (collateral kills)
  A two-headed ogre (D:6)
  2 acid dragons (D:9)
  An ogre (D:6)
  An orc (D:9)
5 creatures vanquished.

Vanquished Creatures (others)
  22 plants (D:9)
22 creatures vanquished.

Grand Total: 177 creatures vanquished

Notes
Turn   | Place    | Note
-------+----------+-------------------------------------------
     0 | D:1      | blackman the Human Transmuter began the quest for the Orb.
     0 | D:1      | Reached XP level 1. HP: 15/15 MP: 3/3
   314 | D:1      | Reached XP level 2. HP: 19/21 MP: 5/5
  1307 | D:1      | Reached XP level 3. HP: 25/26 MP: 6/6
  2249 | D:2      | Found a blossoming altar of Fedhas.
  2292 | D:2      | Found a faded altar of an unknown god.
  2461 | D:2      | Found Ujujuh's Weapon Emporium.
  2624 | D:2      | Reached XP level 4. HP: 31/32 MP: 5/7
  2946 | D:3      | Learned a level 2 spell: Wereblood
  3012 | D:3      | Identified the +3 ring mail of Qaesum {Slay+2 Stlth+}
  3207 | D:3      | Reached XP level 5. HP: 26/37 MP: 5/8
  3974 | D:4      | Identified the +2 cloak of Cheibriados's Esteem {Int-2
                  | Slay+2 SInv}
  3987 | D:4      | Reached skill level 5 in Transmutations
  3987 | D:4      | Reached XP level 6. HP: 43/43 MP: 1/9
  4396 | D:4      | Found an ornate altar of the Wu Jian Council.
  4528 | D:4      | Found Noth's Self-Improvement Boutique.
  4912 | D:5      | Entered Level 5 of the Dungeon
  4958 | D:5      | Found a sacrificial altar of Ru.
  5051 | D:5      | Reached XP level 7. HP: 48/48 MP: 6/10
  5922 | D:5      | Found Kyrpheha's Jewellery Emporium.
  6129 | D:6      | Noticed a water moccasin
  6164 | D:6      | Noticed a two-headed ogre
  6186 | D:6      | Killed a two-headed ogre
  6187 | D:6      | Reached XP level 8. HP: 54/54 MP: 7/11
  6244 | D:6      | Found a glowing golden altar of the Shining One.
  6278 | D:6      | Reached skill level 10 in Transmutations
  6338 | D:6      | Reached XP level 9. HP: 59/59 MP: 10/12
  6656 | D:7      | Noticed a hornet
  6663 | D:7      | Killed a hornet
  6664 | D:7      | Reached skill level 5 in Unarmed Combat
  7082 | D:7      | Found a staircase to the Ecumenical Temple.
  7125 | Temple   | Entered the Ecumenical Temple
  7225 | Temple   | Became a worshipper of Xom of Chaos
  7271 | D:7      | XOM: silly message
  7273 | D:7      | XOM: silly message
  7600 | D:8      | Reached XP level 10. HP: 54/65 MP: 10/13
  7610 | D:8      | XOM: silly message
  7765 | D:8      | Noticed Grum
  7772 | D:8      | XOM: divination: detect items
  7773 | D:8      | XOM: cast spell 'Summon Ice Beast'
  7791 | D:8      | XOM: potion effect (might)
  7792 | D:8      | XOM: silly message
  7799 | D:8      | Noticed a two-headed ogre
  7808 | D:8      | XOM: potion effect (berserk rage)
  7817 | D:8      | Killed Grum
  7818 | D:8      | Reached skill level 10 in Unarmed Combat
  7855 | D:8      | XOM: divination: magic mapping
  7882 | D:8      | Killed a two-headed ogre
  8136 | D:8      | XOM: silly message
  8187 | D:9      | XOM: polymorph water moccasin -> acid dragon
  8189 | D:9      | XOM: summons 3 friendly demons
  8202 | D:9      | Reached skill level 1 in Evocations
  8209 | D:9      | Found a radiant altar of Vehumet.
  8210 | D:9      | Found a hazy altar of Hepliaklqana.
  8252 | D:9      | Noticed a centaur warrior
  8252 | D:9      | Noticed a wizard
  8252 | D:9      | Noticed a brown ugly thing
  8252 | D:9      | XOM: 4-stop teleportation journey
  8311 | D:9      | XOM: summons friendly iron imp
  8363 | D:9      | Found Seqaggenn's Distillery.
  8366 | D:9      | Bought a potion of heal wounds for 65 gold pieces
  8389 | D:9      | XOM: divination: detect creatures
  8393 | D:9      | Noticed a centaur warrior
  8393 | D:9      | XOM: 8-stop teleportation journey
  8424 | D:9      | XOM: summons friendly quasit
  8433 | D:9      | XOM: swap monsters
  8434 | D:9      | Killed from afar by an acid dragon

Illustrated notes

Levels and vault maps discovered:
D:1:      moated_graveyard_arrival, layout_basic, columned_hall_lemuel
D:2:      layout_basic, basic_altar, ebering_ecumenical_altar_hall,
          serial_shops, shop, minmay_misc_feat_tower, kennysheep_minor_cross
D:3:      layout_loops_corners
D:4:      layout_basic, nicolae_wu_jian_glorious_leap, st_stairs_10,
          nicolae_shop_self_help
D:5:      dreamdust_elfheim, layout_layer_cave, nicolae_ru_sacrificial_ziggurat,
          serial_shops, kennysheep_little_box
D:6:      layout_cave_pools, overflow_temple_1_default, grunt_ministairs_10,
          nicolae_fountain_basement
D:7:      layout_loops_ring, minmay_temple_entry_proselytizer
D:8:      layout_basic, uniq_grum
D:9:      layout_rooms, mainiacjoe_overflow_catch_the_wave, orc_0_dummy,
          serial_shops, nicolae_shop_behind_doors, minmay_the_grid_2x2
          [minmay_the_grid_box_x, minmay_the_grid_outer_circle,
          minmay_the_grid_embedded, minmay_the_grid_prize_trominoes]
Temple:   nicolae_temple_bog_church

Skill      XL: |  1  2  3  4  5  6  7  8  9 10 |
---------------+-------------------------------+-----
Unarmed Combat | 4 8 10 | 10.8
Transmutations | 3 5 6 9 10 | 10.6
Evocations     | 2 |  2.0
Fighting       | 2 |  2.3
Dodging        | |  2.0
Spellcasting   | |  2.0

Action                   |  1- 3 |  4- 6 |  7- 9 | 10-12 || total
-------------------------+-------+-------+-------+-------++-------
Melee: Unarmed           |   112 |   126 |   142 |    78 ||   458
       Kick              |    13 |    28 |    41 |    18 ||   100
       Headbutt          |     7 |     9 |    37 |    15 ||    68
       Punch             |     1 |     3 |     4 |     6 ||    14
 Cast: Beastly Appendage |    17 |    22 |    18 |     8 ||    65
       Wereblood         |       |    10 |     9 |     3 ||    22
Evoke: Wand              |       |       |     2 |     7 ||     9
  Use: Scroll            |       |       |     8 |     5 ||    13
       Potion            |       |       |       |     1 ||     1
 Stab: Sleeping          |     1 |     4 |       |       ||     5
       Paralysed         |       |       |     3 |     3 ||     6
Armor: Robe              |    26 |     3 |       |       ||    29
       Ring mail         |       |    47 |    55 |    20 ||   122
Dodge: Dodged            |    62 |    46 |    74 |    56 ||   238

Table legend: (Time is in decaauts)
 A = Elapsed time spent in this place.
 B = Non-inter-level travel time spent in this place.
 C = Inter-level travel time spent in this place.
 D = Time resting spent in this place.
 E = Time spent auto-exploring this place.
 F = Levels seen in this place.
 G = Mean time per level.
                   A        B        C        D        E       F      G
               +--------+--------+--------+--------+--------+-----+--------+
         Total |   8400 |   8104 |    296 |    191 |   6496 |  10 |  840.0 |
       Dungeon |   8281 |   8008 |    273 |    191 |   6418 |   9 |  920.1 |
        Temple |    118 |     95 |     23 |      0 |     78 |   1 |  118.0 |
               +--------+--------+--------+--------+--------+-----+--------+

Top non-repeatable levels by time:
     D:1: 2154 daAuts
     D:5: 1171 daAuts
     D:4: 1007 daAuts
     D:3: 961 daAuts
     D:2: 769 daAuts
     D:8: 721 daAuts
     D:7: 706 daAuts
     D:6: 549 daAuts
     D:9: 240 daAuts
  Temple: 118 daAuts
